 Dungeon Crawl Stone Soup version 0.27.0-1-g7a089689b8 (webtiles) character file.

Game seed: 14891885845797853965

61 ZARRMARR the Bolt Thrower (level 4, -1/27 HPs)
             Began as a Kobold Hunter on Aug 14, 2021.
             Slain by a gnoll (5 damage)
             ... on level 2 of the Dungeon.
             The game lasted 00:06:38 (1850 turns).

ZARRMARR the Bolt Thrower (Kobold Hunter)           Turns: 1850, Time: 00:06:39

Health: -1/27      AC:  3    Str:  9    XL:     4   Next: 27%
Magic:  4/4        EV: 14    Int: 12    God:
Gold:   73         SH:  0    Dex: 16    Spells: 3/3 levels left

rFire    . . .     SeeInvis .   a - +1 hand crossbow
rCold    . . .     Faith    .   (shield restricted)
rNeg     . . .     Spirit   .   c - +0 leather armour
rPois    .         Reflect  .   (no helmet)
rElec    .         Harm     .   (no cloak)
rCorr    .         Rampage  .   (no gloves)
Will     .....                  (no boots)
Stlth    +.........             (no amulet)
HPRegen  0.09/turn              (no ring)
MPRegen  0.09/turn              (no ring)

@: lit by a corona, about to teleport, glowing
A: small, no large weapons, nightstalker 3
a: no special abilities


You were on level 2 of the Dungeon.
You visited 1 branch of the dungeon, and saw 2 of its levels.

You collected 73 gold pieces.

Inventory:

Hand Weapons
 a - a +1 hand crossbow (weapon)
 b - a +0 short sword
 h - a +2 spear of venom
Missiles
 d - 11 bolts (quivered ammo)
Armour
 c - a +0 leather armour (worn)
Scrolls
 e - a scroll of noise
Potions
 f - a potion of brilliance
 g - a potion of flight


   Skills:
 + Level 2.5 Fighting
 + Level 0.6 Short Blades
 + Level 6.0 Crossbows
 + Level 0.9 Armour
 + Level 2.5 Dodging
 + Level 1.8 Stealth


You had 3 spell levels left.
You didn't know any spells.
Your spell library contained the following spells:

 Spells                   Type           Power      Damage    Failure   Level
 Shock                    Conj/Air       0%         1d3       41%         1
 Swiftness                Air            0%         N/A       80%         3
 Airstrike                Air            0%         N/A       99%         4


Dungeon Overview and Level Annotations

Branches:
Dungeon (2/15)

Altars:


Innate Abilities, Weirdness & Mutations

You are small and have problems with some larger weapons.
You are completely attuned to the shadows.


Message History

The kobold hits you but does no damage.
You completely miss the kobold.
The kobold is severely wounded.
The kobold hits you with a +0 short sword.
You hit the kobold.
You kill the kobold!
The gnoll shaman invokes the aid of its god against you.
You are outlined in light.
a - a +1 hand crossbow (weapon)
Fire: 14 bolts
Press: ? - help, Q - select action Shift-Dir - straight line, f - gnoll shaman
Aim: a gnoll shaman, wielding a +0 club and wearing a +0 leather armour (71% to hit)
You shoot a bolt.
The bolt barely misses the gnoll shaman.
As you read the scroll labelled OTHRUMO QACZO, it crumbles to dust.
You hear a loud clanging noise!
It was a scroll of noise.
You hear a shout! x4; You hear an angry hiss.
The dart slug launches a dart at you. The slug dart hits you.
Unknown command.
As you read the scroll labelled EMOACR AMIQYFI, it crumbles to dust.
You feel strangely unstable.
It was a scroll of teleportation.
The gnoll shaman closely misses you. The dart slug closely misses you.
Fire: 13 bolts
Press: ? - help, Q - select action Shift-Dir - straight line, f - gnoll, p - gnoll shaman
Aim: a gnoll, wielding a +0 spear (71% to hit)
You shoot a bolt. The bolt hits the gnoll.
The gnoll is lightly wounded.
The gnoll shaman hits you with a +0 club!
* * * LOW HITPOINT WARNING * * *
The dart slug closely misses you.
Fire: 12 bolts
Press: ? - help, Q - select action Shift-Dir - straight line, f/p - gnoll
Aim: a gnoll, wielding a +0 spear (lightly wounded, 71% to hit)
You shoot a bolt. The bolt barely misses the gnoll.
The gnoll shaman hits you with a +0 club.
* * * LOW HITPOINT WARNING * * *
The gnoll hits you from afar with a +0 spear.
You die...

.####..# #.###..#
.####..# ####.###..#
.......###.......#.#
#####..##..#...#....#
#####.†##.#######.#.#
.......##...### ..#.#.
##........###.###.#...
#.....##..#.(.#gw)(..
####........#g.@#...(
......####.###.###...
####..# #..†### ...
#..####.###.## ..
#####..#.....#...#.
....†...............
#####..#.#####.#.###
#..#.# #.#.# #..#.#
#.#.#


You could see a gnoll shaman, a gnoll and a dart slug.

Vanquished Creatures
  2 adders (D:2)
  2 dart slugs
  3 ball pythons
  4 bats (D:1)
  2 endoplasms (D:1)
  4 giant cockroaches
  5 goblins
  5 hobgoblins
  A quokka (D:1)
  3 frilled lizards (D:1)
  2 kobolds
  2 rats
35 creatures vanquished.

Notes
Turn   | Place    | Note
-------+----------+-------------------------------------------
     0 | D:1      | ZARRMARR the Kobold Hunter began the quest for the Orb.
     0 | D:1      | Reached XP level 1. HP: 12/12 MP: 1/1
    24 | D:1      | Reached skill level 5 in Crossbows
   149 | D:1      | Reached XP level 2. HP: 12/17 MP: 2/2
   841 | D:1      | Reached XP level 3. HP: 21/21 MP: 3/3
  1771 | D:2      | Reached skill level 6 in Crossbows
  1771 | D:2      | Reached XP level 4. HP: 27/27 MP: 4/4
  1850 | D:2      | Slain by a gnoll

Illustrated notes

Levels and vault maps discovered:
D:1:      dpeg_arrival_radiant, layout_basic
D:2:      cheibrodos_greedy_goblins, layout_basic, minmay_between

Skill      XL: |  1  2  3 |
---------------+----------+-----
Crossbows      | 5 6 |  6.0
Fighting       | |  2.5
Short Blades   | |  0.6
Armour         | |  0.9
Dodging        | |  2.5
Stealth        | |  1.8

Action                   |  1- 3 |  4- 6 || total
-------------------------+-------+-------++-------
Melee: Short sword       |    32 |    13 ||    45
 Fire: Hand crossbow     |    54 |     9 ||    63
  Use: Scroll            |     2 |     2 ||     4
Armor: Leather armour    |     4 |     1 ||     5
Dodge: Dodged            |    32 |     7 ||    39
